 Dungeon Crawl Stone Soup version 0.28.0-53-g5a82cb258f (webtiles) character file.

Game seed: 1681994837964951415

86 issech the Chopper (level 4, 0/41 HPs)
             Began as a Minotaur Monk on June 6, 2022.
             Slain by an orc wizard
             ... wielding a +0 dagger
              (2 damage)
             ... on level 3 of the Dungeon.
             The game lasted 00:03:49 (1719 turns).

issech the Chopper (Minotaur Monk)                  Turns: 1719, Time: 00:03:50

Health: 0/41       AC:  5    Str: 15    XL:     4   Next: 26%
Magic:  3/3        EV: 12    Int:  7    God:
Gold:   66         SH:  0    Dex: 15    Spells: 3/3 levels left

rFire   . . .      SeeInvis .   a - +0 hand axe
rCold   . . .      Faith    .   (no shield)
rNeg    . . .      Spirit   .   l - +0 ring mail
rPois   .          Reflect  .   (helmet restricted)
rElec   .          Harm     .   (no cloak)
rCorr   .          Rampage  .   (no gloves)
Will    .....                   (no boots)
Stlth   ..........              (no amulet)
HPRegen 0.13/turn               i - +4 ring of slaying
MPRegen 0.08/turn               (no ring)

@: confused
A: horns 2, retaliatory headbutt
a: no special abilities


You were on level 3 of the Dungeon.
You visited 1 branch of the dungeon, and saw 3 of its levels.

You collected 66 gold pieces.

Inventory:

Hand Weapons
 a - a +0 hand axe (weapon)
Missiles
 f - 61 stones (quivered)
 g - 31 arrows
Armour
 b - a +0 robe
 l - a +0 ring mail (worn)
Jewellery
 i - a +4 ring of slaying (left hand)
Scrolls
 c - 3 scrolls of teleportation {unknown}
 d - 2 scrolls of enchant weapon {unknown}
 e - a scroll of blinking {unknown}
 h - a scroll of summoning {unknown}
 k - a scroll of fog {unknown}
 m - 2 scrolls of identify {unknown}
Potions
 j - a potion of heal wounds {unknown}
 n - a potion of curing {unknown}


   Skills:
 + Level 4.3 Fighting
 + Level 4.5 Axes
 + Level 0.2 Throwing
 + Level 0.3 Armour
 + Level 4.0 Dodging
 + Level 2.1 Stealth


You had 3 spell levels left.
You didn't know any spells.
Your spell library was empty.

Dungeon Overview and Level Annotations

Branches:
Dungeon (3/15)

Altars:

Annotations:
D:2 Sigmund


Innate Abilities, Weirdness & Mutations

You have a pair of horns on your head.
You reflexively headbutt those who attack you in melee.


Message History

You have reached level 4!
You feel agile.
There is an open door here.
You barely miss the orc. You closely miss something.
You hear some strange, mumbled words.
You are confused.
The orc barely misses you.
You hit the orc.
The orc is moderately wounded.
You barely miss something.
You hear some strange, mumbled words.
You are more confused.
The orc barely misses you.
You bump into the crystal wall.
Something hits you but does no damage. The orc closely misses you.
You're too confused to move!
Something hits you.
* * * LOW HITPOINT WARNING * * *
You bump into the closed door.
Something hits you but does no damage.
You hear some strange, mumbled words.
A puff of flame appears from out of thin air!
The puff of flame hits something!
You bump into the closed door.
Something hits you but does no damage.
You bump into the metal wall.
Something hits you but does no damage.
You bump into the closed door.
Something hits you.
* * * LOW HITPOINT WARNING * * *
You bump into the crystal wall.
Something hits you but does no damage.
You bump into the closed door.
Something hits you.
* * * LOW HITPOINT WARNING * * *
You bump into the crystal wall.
Something hits you.
* * * LOW HITPOINT WARNING * * *
You bump into the closed door.
You feel less confused.
You hear some strange, mumbled words.
You are confused.
You bump into the metal wall.
An orc wizard appears from thin air!
Reactivating autopickup.
The orc wizard barely misses you.
You bump into the crystal wall.
The orc wizard hits you with a +0 dagger.
You die...

########..##....
#...###### #...+
.# #...# ..#
#...# #$..+
#...# #..o###
#..{o@+ #..{###
#####


You could see an orc wizard and an orc.

Vanquished Creatures
  A jelly (D:3)
  An adder (D:3)
  A worm (D:2)
  A dart slug (D:1)
  7 endoplasms
  2 giant cockroaches
  5 hobgoblins
  2 kobolds (D:1)
  A quokka (D:1)
  6 ball pythons
  7 bats
  3 frilled lizards
  4 rats
41 creatures vanquished.

Notes
Turn   | Place    | Note
-------+----------+-------------------------------------------
     0 | D:1      | issech the Minotaur Monk began the quest for the Orb.
     0 | D:1      | Reached XP level 1. HP: 19/19 MP: 0/0
   167 | D:1      | Reached XP level 2. HP: 15/27 MP: 1/1
  1084 | D:1      | Reached XP level 3. HP: 33/33 MP: 2/2
  1461 | D:2      | Noticed Sigmund
  1704 | D:3      | Reached XP level 4. HP: 4/41 MP: 3/3
  1715 | D:3      | HP: 2/41 [something (1)]
  1719 | D:3      | Slain by an orc wizard

Illustrated notes

Levels and vault maps discovered:
D:1:      minmay_arrival_glassed_features, layout_basic, minmay_vboxes
D:2:      cheibrodos_helix_gallery, layout_basic,
          ebering_ecumenical_altar_sacrificial, minmay_quadrilaterals,
          uniq_sigmund
D:3:      layout_basic, dk_xom_monty_hall

Skill      XL: |  1  2  3 |
---------------+----------+-----
Axes           | 4 |  4.5
Fighting       | 4 |  4.3
Stealth        | 2 |  2.1
Dodging        | 4 |  4.0
Throwing       | |  0.2
Armour         | |  0.3

Action                   |  1- 3 |  4- 6 || total
-------------------------+-------+-------++-------
Melee: Hand axe          |    69 |     2 ||    71
       Headbutt          |     9 |       ||     9
       Punch             |     1 |       ||     1
Throw: Stone             |    17 |       ||    17
 Stab: Sleeping          |     2 |       ||     2
Armor: Robe              |     3 |       ||     3
       Ring mail         |    16 |     5 ||    21
Dodge: Dodged            |    60 |     4 ||    64
